 Dungeon Crawl Stone Soup version 0.31.0-32-g396128a36d (webtiles) character file.

Game seed: 15077405780293971482

63 monsoonserge the Slasher (level 3, 0/27 HPs)
             Began as a Demonspawn Reaver on Mar 28, 2024.
             Slain by a ribbon worm (2 damage)
             ... on level 2 of the Dungeon.
             The game lasted 00:02:55 (973 turns).

monsoonserge the Slasher (Demonspawn Reaver)         Turns: 973, Time: 00:02:56

Health: 0/27       AC:  8    Str: 12    XL:     3   Next: 89%
Magic:  6/6        EV:  9    Int: 15    God:
Gold:   96         SH:  0    Dex: 11    Spells: 5/6 levels left

rFire   . . .        a - +0 falchion
rCold   . . .        (no shield)
rNeg    . . .        j - +0 scale mail
rPois   .            (helmet restricted)
rElec   .            h - +0 cloak
rCorr   .            (no gloves)
SInv    .            d - +0 pair of boots
Will    .....        (no amulet) Stlth
                     (no ring)
HPRegen 0.24/turn    (no ring)
MPRegen 0.10/turn

%: no passive effects
@: no status effects
A: antennae 1
a: no special abilities


You were on level 2 of the Dungeon.
You visited 1 branch of the dungeon, and saw 2 of its levels.

You collected 96 gold pieces.

Inventory:

Hand Weapons
 a - a +0 falchion (weapon)
Missiles
 f - 4 atropa-tipped darts (quivered)
Armour
 b - a +0 leather armour
 d - a +0 pair of boots (worn)
 h - a +0 cloak (worn)
 j - a +0 scale mail (worn)
 m - a +0 ring mail
Scrolls
 c - a scroll of identify {unknown}
 e - a scroll of blinking {unknown}
 i - a scroll of enchant weapon {unknown}
 l - a scroll of poison {unknown}
 o - a scroll of immolation {unknown}
Potions
 g - a potion of heal wounds {unknown}
 k - a potion of mutation {unknown}
 n - a potion of brilliance {unknown}


   Skills:
 + Level 2.1 Fighting
 + Level 3.7 Long Blades
 + Level 0.3 Armour
 + Level 2.1 Dodging
 + Level 0.9 Stealth
 - Level 2.0 Spellcasting
 - Level 3.2 Conjurations


You had 5 spell levels left.
You knew the following spells:

 Your Spells              Type           Power      Damage    Failure   Level
a - Kiss of Death         Conj/Necr      24%        2d7       54%         1

Your spell library contained the following spells:

 Spells                   Type           Power      Damage    Failure   Level
 Momentum Strike          Conj/Tloc      12%        3d8       67%         2
 Hailstorm                Conj/Ice       6%         3d5       88%         3


Dungeon Overview and Level Annotations

Branches:
Dungeon (2/15)

Altars:

Annotations:
D:1 dig


Innate Abilities, Weirdness & Mutations

You have a pair of small antennae on your head.


Message History

You hit the ribbon worm but do no damage.
The ribbon worm is lightly wounded.
The ribbon worm bites you.
You hit the ribbon worm.
The ribbon worm is moderately wounded.
The ribbon worm bites you but does no damage.
You hit the ribbon worm.
The ribbon worm is moderately wounded.
The ribbon worm bites you but does no damage.
You hit the ribbon worm.
The ribbon worm is heavily wounded.
The ribbon worm bites you.
* * * LOW HITPOINT WARNING * * *
You hit the ribbon worm.
The ribbon worm is heavily wounded.
You hit the ribbon worm.
The ribbon worm is severely wounded.
The ribbon worm barely misses you.
You hit the ribbon worm.
The ribbon worm is severely wounded.
The ribbon worm barely misses you.
You hit the ribbon worm but do no damage.
The ribbon worm is severely wounded.
The ribbon worm bites you.
* * * LOW HITPOINT WARNING * * *
You hit the ribbon worm.
The ribbon worm is almost dead.
The ribbon worm expels a string of sticky webbing.
The stream of webbing hits you but does no damage.
You are caught in a web!
You struggle to detach yourself from the web.
The ribbon worm bites you!
* * * LOW HITPOINT WARNING * * *
The web tears apart.
The ribbon worm closely misses you.
You hit the ribbon worm.
The ribbon worm is almost dead.
You hit the ribbon worm.
The ribbon worm is almost dead.
The ribbon worm bites you.
You die...

....#.....##
...........)#
#...........#
#...........# .
...........# ..
...........# #...
#.......### .....
########.......w.#(.....
#..............#@......#
...........#####....####
...........# #....#
...........# ♣....♣
..>........# ♣...♣♣
...........### ♣♣.♣♣
.............# ♣♣
.............#
..........####


You could see a ribbon worm (catching breath).

Vanquished Creatures
  2 adders (D:1)
  A ribbon worm (D:2)
  2 dart slugs (D:1)
  3 bats (D:1)
  5 endoplasms
  5 hobgoblins
  4 jackals (D:1)
  2 frilled lizards (D:1)
  5 goblins (D:1)
  5 kobolds
  5 rats
39 creatures vanquished.

Notes
Turn   | Place    | Note
-------+----------+-------------------------------------------
     0 | D:1      | monsoonserge the Demonspawn Reaver began the quest for the
                  | Orb.
     0 | D:1      | Reached XP level 1. HP: 16/16 MP: 3/3
   181 | D:1      | Gained mutation: You have a pair of small antennae on your
                  | head. [demonic ancestry]
   181 | D:1      | Reached XP level 2. HP: 22/22 MP: 5/5
   206 | D:1      | Found a faded altar of an unknown god.
   457 | D:1      | Reached XP level 3. HP: 27/27 MP: 6/6
   970 | D:2      | HP: 1/27 [ribbon worm (7)]
   973 | D:2      | Slain by a ribbon worm

Illustrated notes

Levels and vault maps discovered:
D:1:      mrwooster_arrival_statue, layout_rooms, serial_glass, glass_columns_a,
          glass_columns_a, item_on_display_a, item_on_display_a,
          feat_on_display, item_on_display_b, ebering_ecumenical_altar_webs,
          reono_crystal_passage, minmay_pentomino_o4
D:2:      layout_basic, uniq_crazy_yiuf_cottage

Skill      XL: |  1  2 |
---------------+-------+-----
Long Blades    | 3 |  3.7
Dodging        | 2 |  2.1
Fighting       | |  2.1
Armour         | |  0.3
Stealth        | |  0.9
Spellcasting   | |  2.0
Conjurations   | |  3.2

Action                     || total
---------------------------++-------
  Melee: Falchion          ||   199
 Armour: Leather armour    ||    28
         Scale mail        ||   152
  Dodge: Dodged            ||   132
